 Dungeon Crawl Stone Soup version 0.31-a0-1118-gbca3d03946 (webtiles) character file.

Game seed: 12360179322700769822

3056 gruber the Skirmisher (level 9, 0/74 HPs)
             Began as a Minotaur Hunter on Dec 4, 2023.
             Was a Follower of Hepliaklqana.
             Constricted to death by Erica (3 damage)
             ... on level 7 of the Dungeon.
             The game lasted 00:08:48 (8412 turns).

gruber the Skirmisher (Minotaur Hunter)             Turns: 8412, Time: 00:08:48

Health: 0/74       AC:  4    Str: 17    XL:     9   Next: 57%
Magic:  0/8        EV: 13    Int:  6    God:    Hepliaklqana [*.....]
Gold:   126        SH:  0    Dex: 17    Spells: 8/8 levels left

rFire   + . .        a - +0 shortbow
rCold   . . .        (shield currently unavailable)
rNeg    . . .        h - +0 leather armour {rF+}
rPois   .            (helmet restricted)
rElec   .            (no cloak)
rCorr   .            s - +0 pair of gloves
SInv    .            (no boots)
Will    .....        x - amulet of guardian spirit
Stlth   ++           (no ring)
HPRegen 0.32/turn    (no ring)
MPRegen 0.11/turn

%: guardian spirit
@: slowed, constricted, very slow
A: reduced essence, horns 2, retaliatory headbutt
a: Renounce Religion, Recall Ancestor, Ancestor Identity


You were on level 7 of the Dungeon.
You worshipped Hepliaklqana.
Hepliaklqana was aware of your devotion.
You visited 2 branches of the dungeon, and saw 9 of its levels.

You collected 342 gold pieces.
You spent 216 gold pieces at shops.

Inventory:

Hand Weapons
 a - a +0 shortbow (weapon)
 v - the +5 rapier of a Million Youths {flame, rPois Will- Str+3}
   (You bought it in a shop on level 6 of the Dungeon)

   Str+3:     It affects your strength (+3).
   rPois:     It protects you from poison Will-: It decreases your willpower.
Armour
 h - a +0 leather armour of fire resistance (worn)
 s - a +0 pair of gloves (worn)
Jewellery
 f - a ring of fire
 m - a ring of wizardry
 x - an amulet of guardian spirit (around neck)
 B - an amulet of regeneration
Wands
 A - a wand of flame (39)
 C - a wand of polymorph (6)
Scrolls
 b - a scroll of butterflies
 c - 5 scrolls of enchant weapon {unknown}
 k - a scroll of teleportation {unknown}
 l - 6 scrolls of identify {unknown}
 n - 4 scrolls of fog {unknown}
 p - a scroll of vulnerability {unknown}
 q - 2 scrolls of enchant armour {unknown}
 t - a scroll of poison {unknown}
 w - a scroll of revelation {unknown}
 y - 4 scrolls of blinking {unknown}
Potions
 d - 2 potions of attraction {unknown}
 e - 5 potions of might
 g - a potion of enlightenment {unknown}
 i - 3 potions of curing
 j - a potion of ambrosia {unknown}
 r - a potion of brilliance {unknown}
 u - a potion of magic {unknown}
 z - a potion of haste {unknown}
 D - a potion of lignification {unknown}


   Skills:
 - Level 9.1 Fighting
 - Level 10.0 Ranged Weapons
 * Level 2.7 Armour
 - Level 8.3 Dodging
 - Level 0.7 Stealth


You had 8 spell levels left.
You didn't know any spells.
Your spell library contained the following spells:

 Spells                   Type           Power      Damage    Failure   Level
 Gell's Gravitas          Tloc           0%         N/A       87%         3
 Teleport Other           Tloc           0%         N/A       87%         3
 Dispersal                Tloc           0%         N/A       100%        6


Dungeon Overview and Level Annotations

Branches:
Dungeon (8/15)             Temple (1/1) D:5
   Lair: D:8-11

Altars:
Ashenzari
Cheibriados
Elyvilon
Fedhas
Gozag
Hepliaklqana
Kikubaaqudgha
Makhleb
Nemelex Xobeh
Okawaru
Qazlal
Ru
Sif Muna
Trog
Uskayaw
Vehumet
Xom
Yredelemnul
Zin
The Shining One

Shops:
D:1 !:=   D:2 [   D:4 :   D:6 :((?*

Annotations:
D:7 Erica


Innate Abilities, Weirdness & Mutations

Your life essence is reduced to manifest your ancestor. (-10% HP)
You have a pair of horns on your head.
You reflexively headbutt those who attack you in melee.


Message History

Press: ? - help, Shift-Dir - straight line Nothing appears to happen.
Something barely misses you.
You are constricted.
Aiming: Polymorph
Press: ? - help, Shift-Dir - straight line Nothing appears to happen.
You hear a zap.
Something tries to affect you, but you resist.
You are constricted.
Aiming: Polymorph
Press: ? - help, Shift-Dir - straight line Nothing appears to happen.
Something hits you.
You are constricted.
You shoot an arrow.
You hear some strange, mumbled words.
You feel yourself slow down.
You are constricted.
You shoot an arrow. Something hits you.
* * * LOW HITPOINT WARNING * * *
You are constricted.
* * * LOW HITPOINT WARNING * * *
Something hits you!
* * * LOW HITPOINT WARNING * * *
Something burns you.
* * * LOW HITPOINT WARNING * * *
You are constricted.
* * * LOW HITPOINT WARNING * * *
You feel much better. Something hits you!
* * * LOW HITPOINT WARNING * * *
Something burns you.
* * * LOW HITPOINT WARNING * * *
You are constricted.
* * * LOW HITPOINT WARNING * * *
You feel much better. Something hits you.
* * * LOW HITPOINT WARNING * * *
You are constricted.
* * * LOW HITPOINT WARNING * * *
Something hits you!
* * * LOW HITPOINT WARNING * * *
Something burns you.
* * * LOW HITPOINT WARNING * * *
You are constricted.
You die...

##.#...# ##...###
.....######
...#......##
#########..#
####.#######
#..........#####
#..........#...#
######.........@#...#
##......)........{...#
...########.######...#
.........)..# #...#
############# #...#
#####


There were no monsters in sight!

Vanquished Creatures
  2 water moccasins (D:8)
  An orc warrior (D:7)
  A black bear (D:5)
  4 ogres
  2 centaurs
  3 phantoms
  2 kobold brigands (D:8)
  3 bullfrogs
  7 scorpions
  6 killer bees (D:7)
  2 hounds
  An orc priest (D:4)
  5 jellies
  3 iguanas
  A sleepcap (D:3)
  Natasha (thrice) (D:2)
  3 gnolls (D:5)
  7 adders
  A shadow imp (D:5)
  2 white imps (D:6)
  2 ufetubi (D:5)
  2 worms
  A dart slug (D:2)
  15 orcs
  3 bats
  14 endoplasms
  2 giant cockroaches
  4 goblins
  8 hobgoblins
  2 jackals (D:1)
  7 quokkas
  4 ball pythons
  2 frilled lizards
  20 kobolds
  7 rats
152 creatures vanquished.

Vanquished Creatures (collateral kills)
  A water moccasin (D:7)
  A centaur (D:8)
  A kobold brigand (D:8)
  A hound (D:6)
  An orc (D:7)
5 creatures vanquished.

Vanquished Creatures (others)
  5 ancestors
5 creatures vanquished.

Grand Total: 162 creatures vanquished

Notes
Turn   | Place    | Note
-------+----------+-------------------------------------------
     0 | D:1      | gruber the Minotaur Hunter began the quest for the Orb.
     0 | D:1      | Reached XP level 1. HP: 18/18 MP: 0/0
    63 | D:1      | Found Pohek's Jewellery Shop.
    80 | D:1      | Found Juysotu's Book Shoppe.
   208 | D:1      | Found a faded altar of an unknown god.
   214 | D:1      | Reached XP level 2. HP: 25/25 MP: 1/1
   306 | D:1      | Found Joreqay's Distillery.
   451 | D:1      | Reached skill level 5 in Ranged Weapons
   764 | D:2      | Reached XP level 3. HP: 30/30 MP: 2/2
   884 | D:2      | Noticed Natasha
   892 | D:2      | Killed Natasha
   893 | D:2      | Reached skill level 6 in Ranged Weapons
   982 | D:2      | Reached XP level 4. HP: 30/37 MP: 3/3
  1264 | D:2      | Found an opulent altar of Gozag.
  1264 | D:2      | Found a burning altar of Makhleb.
  1264 | D:2      | Found an ancient bone altar of Kikubaaqudgha.
  1264 | D:2      | Found a basalt altar of Yredelemnul.
  1264 | D:2      | Found a burning altar of Makhleb.
  1264 | D:2      | Found a burning altar of Makhleb.
  1330 | D:2      | Reached skill level 7 in Ranged Weapons
  1330 | D:2      | Reached XP level 5. HP: 42/42 MP: 4/4
  1334 | D:2      | Found Faoheonk's Antique Armour Boutique.
  1367 | D:2      | Found a blossoming altar of Fedhas.
  1811 | D:2      | Noticed Natasha
  1825 | D:2      | Killed Natasha
  1963 | D:2      | Noticed Natasha
  1968 | D:2      | Killed Natasha
  2722 | D:4      | Noticed an ogre
  2727 | D:4      | Killed an ogre
  2728 | D:4      | Reached skill level 8 in Ranged Weapons
  2728 | D:4      | Reached XP level 6. HP: 13/50 MP: 5/5
  2969 | D:4      | Found Huitt's Book Boutique.
  3275 | D:4      | Reached skill level 9 in Ranged Weapons
  3631 | D:4      | Reached XP level 7. HP: 55/56 MP: 6/6
  4078 | D:4      | Reached skill level 10 in Ranged Weapons
  4174 | D:5      | Entered Level 5 of the Dungeon
  4213 | D:5      | Found a hide-covered altar of Uskayaw.
  4216 | D:5      | Found a radiant altar of Vehumet.
  4216 | D:5      | Found a radiant altar of Vehumet.
  4218 | D:5      | Found a broken altar of Ashenzari.
  4218 | D:5      | Found a radiant altar of Vehumet.
  4218 | D:5      | Found a shimmering altar of Xom.
  4494 | D:5      | Found a staircase to the Ecumenical Temple.
  4531 | D:5      | HP: 1/56 [poisoned by a scorpion]
  4769 | D:5      | Reached skill level 5 in Dodging
  4769 | D:5      | Reached XP level 8. HP: 27/62 MP: 7/7
  5223 | Temple   | Entered the Ecumenical Temple
  5239 | Temple   | Became a worshipper of Hepliaklqana the Forgotten
  5991 | D:6      | Found Xeag's Magic Scroll Boutique.
  5993 | D:6      | Found Pitziex's Assorted Antiques.
  6101 | D:6      | Found Nousk's Antique Weapon Shoppe.
  6107 | D:6      | Bought an iridescent rapier for 216 gold pieces
  6107 | D:6      | Identified the +5 rapier of a Million Youths {flame, rPois
                  | Will- Str+3} (You bought it in a shop on level 6 of the
                  | Dungeon)
  6172 | D:6      | Reached * piety under Hepliaklqana
  6194 | D:6      | Found Huigam's Antique Weapon Shoppe.
  6224 | D:6      | Found Neblida's Book Boutique.
  7070 | D:7      | Reached skill level 5 in Fighting
  7228 | D:7      | Reached XP level 9. HP: 56/66 MP: 6/8
  8257 | D:8      | Reached skill level 1 in Armour
  8385 | D:8      | Noticed Erica
  8412 | D:7      | HP: 3/74 [something (1)]
  8412 | D:7      | Constricted to death by Erica

Illustrated notes

Levels and vault maps discovered:
D:1:      onia_arrival_mini_maze, layout_basic,
          ebering_ecumenical_altar_abandoned, serial_shops, shop,
          nicolae_shop_just_a_little_nook, nicolae_shop_stone
D:2:      cheibrodos_fertilizer, layout_loops_ring, serial_shops,
          nicolae_shop_rolling_square, basic_altar, uniq_natasha
D:3:      layout_basic, kennysheep_flooded_box, glass_columns_b
D:4:      layout_basic, serial_shops, shop
D:5:      layout_basic, doesnt_xom_only_xom, minmay_temple_entry_gardened_gates
D:6:      layout_cave_pools, serial_shops, shop, nicolae_stop_n_shop_2,
          nicolae_shop_temple_entry_statues_fountains, shop, shop,
          kennysheep_potato
D:7:      layout_rooms
D:8:      layout_basic, nicolae_dithmenos_the_darkroom,
          minmay_unpleasant_kobolds, uniq_erica
Temple:   nicolae_temple_bog_church

Skill      XL: |  1  2  3  4  5  6  7  8  9 |
---------------+----------------------------+-----
Ranged Weapons | 5 6 7 8 9 10 | 10.0
Dodging        | 5 8 |  8.3
Fighting       | 5 9 |  9.1
Armour         | 2 |  2.7
Stealth        | |  0.7

Action                     |  1- 3 |  4- 6 |  7- 9 || total
---------------------------+-------+-------+-------++-------
  Melee: Shortbow          |       |       |     1 ||     1
   Fire: Shortbow          |    74 |   208 |   397 ||   679
  Evoke: Wand              |       |       |     3 ||     3
    Use: Potion            |       |       |     6 ||     6
 Armour: Leather armour    |    13 |    33 |   112 ||   158
  Dodge: Dodged            |    15 |    26 |   123 ||   164

Table legend: (Time is in decaauts)
 A = Elapsed time spent in this place.
 B = Non-inter-level travel time spent in this place.
 C = Inter-level travel time spent in this place.
 D = Time resting spent in this place.
 E = Time spent auto-exploring this place.
 F = Levels seen in this place.
 G = Mean time per level.
                   A        B        C        D        E       F      G
               +--------+--------+--------+--------+--------+-----+--------+
         Total |   8412 |   7784 |    628 |    666 |   6079 |   9 |  934.7 |
       Dungeon |   8379 |   7783 |    596 |    666 |   6079 |   8 | 1047.4 |
        Temple |     32 |      1 |     31 |      0 |      0 |   1 |   32.0 |
               +--------+--------+--------+--------+--------+-----+--------+

Top non-repeatable levels by time:
     D:5: 1751 daAuts
     D:2: 1414 daAuts
     D:4: 1264 daAuts
     D:7: 904 daAuts
     D:3: 777 daAuts
     D:6: 767 daAuts
     D:8: 762 daAuts
     D:1: 738 daAuts
  Temple: 32 daAuts
